Map: Efflorescence LE

Players

Nerezea

  • Race: Protoss Protoss
  • Spawn Location: 12:00

Nanîc

  • Race: Zerg Zerg
  • Spawn Location: 3:00

qqq

  • Race: Zerg Zerg
  • Spawn Location: 6:00

Massa

  • Race: Terran Terran
  • League: Platinum
  • Spawn Location: 9:00

VOD

Have the link to the VOD?

Description

Time

  • Played on: Oct. 10, 2020, 4:39 p.m.
  • Length: 18:00
Show
View Real Time Build Order
Export as new Build Order

Nerezea Protoss 

Build Orders:  

Get SALT Encoding   

  12  0:00  Probe  
  13  0:12  Probe  
  14  0:18  Pylon  
  14  0:24  Probe (Chrono Boost)  
  15  0:37  Probe (Chrono Boost)  
  16  0:44  Gateway  
  16  0:46  Probe (Chrono Boost)  
  17  0:51  Probe  
  18  1:03  Probe  
  19  1:15  Probe  
  20  1:27  Probe  
  21  1:39  Probe  
  22  1:45  Nexus  
  22  1:50  Cybernetics Core  
  22  1:51  Probe  
  23  1:54  Assimilator  
  23  1:56  Assimilator  
  23  2:21  Pylon  
  23  2:24  Pylon  
  23  2:39  Probe  
  23  2:40  Gateway, Warp Gate (Chrono Boost)  
  23  2:42  Gateway  
  24  2:51  Probe  
  24  2:57  Probe  
  26  3:02  Stalker  
  26  3:03  Probe  
  29  3:09  Probe  
  30  3:16  Probe  
  31  3:21  Probe  
  32  3:28  Probe, Stalker  
  32  3:29  Stalker  
  32  3:33  Probe  
  38  3:34  Stalker  
  38  3:40  Probe  
  41  3:45  Probe, Pylon  
  42  3:52  Probe  
  43  3:57  Probe  
  44  4:04  Probe  
  44  4:09  Probe  
  46  4:16  Probe  
  47  4:20  Stargate  
  47  4:21  Probe  
  47  4:22  Stargate  
  48  4:25  Assimilator  
  48  4:28  Probe  
  48  4:30  Assimilator, Stalker  
  51  4:32  Pylon  
  51  4:33  Probe  
  51  4:35  Stalker  
  51  4:37  Pylon  
  54  4:40  Probe  
  55  4:46  Probe  
  55  4:48  Stalker  
  59  4:52  Probe  
  59  4:58  Probe  
  60  5:01  Void Ray  
  60  5:10  Phoenix  
  60  5:12  Stalker  
  68  5:15  Probe  
  69  5:21  Probe  
  69  5:25  Nexus  
  69  5:27  Probe  
  71  5:33  Probe  
  72  5:38  Pylon  
  72  5:39  Probe, Phoenix  
  75  5:45  Probe  
  76  5:51  Probe, Forge  
  76  5:53  Forge  
  76  5:56  Phoenix  
  79  6:01  Probe  
  79  6:03  Probe  
  81  6:13  Probe  
  82  6:26  Phoenix x2  
  86  6:36  Probe x2  
  88  6:48  Probe (Chrono Boost)  
  88  6:49  Probe (Chrono Boost)  
  88  6:51  Phoenix  
  88  6:52  Phoenix  
  94  7:01  Probe x2 (Chrono Boost)  
  96  7:04  Photon Cannon  
  96  7:08  Probe x2 (Chrono Boost), Photon Cannon  
  98  7:11  Photon Cannon, Pylon  
  98  7:15  Probe x2, Photon Cannon  
  100  7:27  Probe  
  101  7:38  Phoenix x2  
  101  7:43  Probe x2  
  107  7:55  Probe x2  
  109  8:16  Nexus  
  109  8:19  Pylon  
  109  8:20  Pylon x2, Assimilator x2  
  109  8:21  Pylon  
  109  8:29  Pylon  
  109  8:31  Pylon  
  109  8:32  Pylon  
  109  8:36  Pylon  
  109  8:37  Probe x2, Phoenix x2  
  109  8:38  Pylon  
  109  8:39  Pylon  
  109  8:40  Zealot x3  
  121  8:43  Twilight Council  
  121  8:49  Probe x2  
  121  8:53  Assimilator  
  121  8:54  Assimilator  
  123  8:57  Pylon  
  123  8:59  Pylon  
  123  9:01  Probe x2  
  123  9:02  Pylon  
  125  9:03  Zealot x2  
  129  9:13  Probe x2  
  131  9:23  Void Ray  
  131  9:24  Void Ray  
  131  9:31  Charge (Chrono Boost), Zealot x3  
  145  10:03  Void Ray x2  
  145  10:11  Zealot x2  
  145  10:12  Zealot  
  159  10:39  Zealot  
  159  10:40  Zealot x2  
  165  10:45  Gateway  
  165  10:46  Gateway  
  165  10:48  Gateway  
  165  10:50  Gateway x2  
  165  10:57  Nexus, Pylon  
  165  11:00  Pylon  
  165  11:01  Pylon  
  165  11:03  Pylon  
  153  11:28  Zealot x2  
  153  11:29  Zealot  
  137  11:47  Protoss Ground Weapons Level 1 (Chrono Boost), Protoss Ground Armor Level 1 (Chrono Boost)  
  137  11:48  Zealot x3  
  137  11:49  Zealot x5  
  153  11:55  Phoenix x2  
  157  12:08  Probe x3  
  158  12:09  Probe  
  161  12:20  Phoenix x2  
  165  12:34  Zealot x5  
  165  12:35  Zealot x3  
  177  12:45  Phoenix x2  
  181  12:54  Pylon x2  
  171  13:11  Zealot x5  
  171  13:12  Zealot x3  
  153  13:27  Phoenix x2  
  153  13:34  Gateway  
  151  13:35  Gateway  
  151  13:37  Gateway  
  151  13:38  Pylon  
  151  13:39  Gateway, Pylon  
  151  13:40  Gateway  
  151  13:42  Gateway  
  151  13:44  Gateway  
  151  13:45  Gateway  
  151  13:47  Stalker x5  
  151  13:48  Stalker x3  
  167  13:52  Phoenix x2  
  169  14:02  Assimilator  
  169  14:03  Nexus, Assimilator  
  169  14:05  Pylon x2  
  169  14:07  Pylon  
  143  14:19  Void Ray x2  
  143  14:21  Zealot  
  143  14:22  Zealot x7  
  146  14:34  Zealot  
  146  14:35  Zealot x4  
  146  14:36  Protoss Ground Weapons Level 2 (Chrono Boost)  
  146  14:37  Protoss Ground Armor Level 2 (Chrono Boost)  
  153  14:48  Zealot x3  
  153  14:49  Zealot x7  
  153  14:50  Zealot  
  156  15:13  Zealot x6  
  166  15:15  Zealot x7  
  166  15:16  Zealot x2  
  159  15:42  Templar Archives  
  135  15:52  Zealot x6  
  135  15:53  Zealot x2  
  145  16:23  Probe  
  144  16:35  Probe  
  144  16:37  Assimilator  
  144  16:38  High Templar x2, Assimilator  
  144  16:39  High Templar x4  
  157  16:52  Templar Archives  
  157  16:57  Twilight Council  
  157  16:58  Archon  
  157  16:59  Archon x2  
  136  17:37  High Templar x3  
  136  17:38  High Templar x3  
  146  17:50  Archon x2  
  146  17:51  Archon  
Show
View Real Time Build Order
Export as new Build Order

Nanîc Zerg 

Build Orders: Hatch First, Muta Ling Bane 

Get SALT Encoding   

  12  0:01  Drone  
  13  0:13  Overlord  
  13  0:22  Drone  
  14  0:37  Drone x2  
  14  0:38  Drone  
  17  0:48  Drone  
  18  1:02  Hatchery  
  18  1:03  Extractor, Drone  
  17  1:19  Spawning Pool  
  16  1:35  Drone x3  
  19  1:59  Overlord  
  19  2:03  Drone  
  20  2:08  Queen  
  22  2:18  Queen  
  22  2:19  Drone  
  22  2:20  Drone x2  
  27  2:23  Metabolic Boost  
  27  2:28  Zergling x2  
  28  2:37  Drone  
  28  2:38  Drone  
  30  2:52  Drone  
  30  2:54  Drone, Overlord  
  32  3:00  Queen  
  32  3:02  Drone x2  
  36  3:19  Drone x2  
  38  3:21  Lair  
  38  3:28  Zergling x8  
  38  3:31  Drone x2  
  38  3:34  Overlord  
  44  3:52  Zergling x2  
  44  3:53  Zergling x10  
  49  4:04  Drone x2  
  51  4:14  Extractor, Drone x2  
  51  4:15  Extractor  
  51  4:16  Overlord x2  
  51  4:37  Drone x5  
  54  4:43  Extractor, Spire  
  51  4:58  Drone x2  
  51  4:59  Drone x2  
  56  5:00  Zergling x4  
  57  5:14  Zergling x10  
  57  5:15  Zergling x6  
  55  5:31  Zergling x4  
  57  5:38  Spine Crawler  
  56  5:42  Spine Crawler  
  55  5:57  Mutalisk x3  
  55  5:58  Mutalisk x3  
  66  6:16  Mutalisk x2  
  63  6:19  Overlord x2  
  63  6:20  Overlord  
  61  6:31  Mutalisk x3  
  66  6:36  Overseer  
  66  6:37  Overseer  
  63  6:41  Hatchery  
  62  6:49  Drone x2  
  62  6:50  Drone x3  
  60  7:29  Drone x3  
  53  7:34  Zergling x2  
  53  7:35  Zergling x8  
  57  7:39  Hatchery  
  57  7:42  Queen  
  54  8:01  Spine Crawler, Spore Crawler, Mutalisk  
  54  8:02  Mutalisk x4  
  54  8:03  Spine Crawler  
  61  8:21  Drone x2  
  61  8:22  Drone  
  61  8:26  Baneling Nest  
  63  8:32  Queen  
  60  8:35  Zergling x4  
  60  8:36  Zergling x6  
  60  8:40  Drone x2  
  67  8:43  Queen  
  69  8:51  Drone x3  
  72  9:09  Drone  
  74  9:10  Drone x2  
  75  9:31  Extractor x2, Drone x3  
  75  9:32  Drone x4  
  75  9:37  Zergling x2  
  75  9:38  Baneling x2, Zergling x4  
  81  9:39  Baneling x4  
  81  9:40  Centrifical Hooks  
  81  9:43  Zergling x8  
  83  9:46  Zergling x2  
  84  10:04  Zergling x2  
  84  10:05  Zergling x16  
  93  10:21  Drone x2  
  95  10:24  Overlord x3  
  95  10:46  Drone  
  95  10:47  Drone x5  
  100  11:04  Zerg Flyer Weapons Level 1  
  100  11:09  Mutalisk x5  
  110  11:13  Zergling x4  
  110  11:14  Zergling x4  
  108  11:32  Zergling x22  
  99  11:33  Zergling x6  
  99  11:39  Zergling x2  
  93  11:40  Zergling x2  
  94  11:47  Queen  
  94  11:49  Drone x4  
  94  11:54  Spine Crawler x2  
  99  11:55  Baneling x8  
  98  12:41  Hatchery  
  85  12:53  Evolution Chamber  
  85  12:55  Zergling x28, Evolution Chamber  
  85  12:56  Zergling x6  
  96  13:06  Baneling x3  
  96  13:07  Baneling  
  92  13:29  Zerg Ground Armor Level 1  
  87  14:09  Roach Warren  
  76  14:37  Zerg Missile Weapons Level 1  
  70  14:47  Hatchery  
  70  14:51  Glial Reconstitution  
  69  14:55  Roach x12  
  69  14:56  Roach x5  
  69  14:58  Overlord x3  
  69  14:59  Overlord x4  
  103  15:02  Zergling x16  
  103  15:05  Hatchery  
  109  15:32  Baneling  
  109  15:33  Baneling x10  
  109  15:34  Baneling x7  
  106  15:54  Extractor  
  104  15:57  Extractor  
  89  16:19  Drone  
  90  16:26  Drone x12  
  77  16:42  Zergling x20  
  79  16:55  Hydralisk Den  
  77  17:02  Zergling x12  
  69  17:24  Zergling x20  
  73  17:33  Zergling x10  
  73  17:42  Drone x3  
Show
View Real Time Build Order
Export as new Build Order

qqq Zerg 

Build Orders: Hatch First 

Get SALT Encoding   

  12  0:00  Drone  
  13  0:10  Drone  
  14  0:36  Hatchery  
  13  0:44  Drone  
  14  1:00  Spawning Pool  
  13  1:06  Overlord  
  13  1:09  Drone  
  14  1:13  Extractor  
  14  1:16  Drone  
  14  1:27  Drone  
  15  1:40  Drone  
  15  1:41  Drone  
  17  1:48  Queen  
  19  1:55  Drone  
  19  1:56  Drone  
  21  2:12  Drone x2  
  22  2:16  Queen  
  22  2:22  Metabolic Boost  
  24  2:28  Drone  
  25  2:30  Drone  
  25  2:36  Overlord  
  26  2:39  Drone  
  26  2:42  Drone  
  28  2:54  Drone x2  
  30  3:06  Zergling x8  
  30  3:07  Zergling x4  
  30  3:12  Overlord  
  36  3:21  Overlord  
  36  3:24  Lair  
  36  3:28  Overlord  
  36  3:30  Drone x2  
  38  3:36  Zergling x4  
  38  3:38  Zergling x2  
  41  3:59  Zergling x8  
  41  4:00  Drone x2  
  47  4:09  Zergling x2  
  48  4:11  Overlord  
  48  4:12  Zergling x2  
  49  4:21  Hatchery  
  48  4:35  Drone, Zergling x4, Baneling Nest  
  48  4:37  Drone x3  
  52  4:43  Drone x3  
  55  4:52  Drone x4  
  59  4:53  Spire  
  59  4:54  Extractor  
  59  4:56  Extractor  
  59  4:58  Drone  
  57  5:00  Extractor  
  57  5:04  Zergling x2  
  51  5:30  Drone x6  
  57  5:43  Drone  
  58  5:51  Drone  
  58  5:52  Drone  
  58  5:53  Zergling x6, Infestation Pit  
  62  5:58  Zergling x2  
  62  5:59  Drone x2  
  56  6:18  Queen  
  58  6:28  Mutalisk x3  
  58  6:31  Drone  
  65  6:34  Overlord x6  
  65  6:35  Overlord  
  65  6:54  Spore Crawler  
  65  6:55  Spore Crawler  
  65  6:58  Spore Crawler  
  65  6:59  Spore Crawler  
  61  7:07  Hatchery  
  58  7:11  Mutalisk x3  
  58  7:12  Mutalisk x3  
  64  7:15  Hatchery  
  59  7:26  Mutalisk  
  59  7:27  Mutalisk x2  
  60  7:30  Spore Crawler  
  56  7:42  Mutalisk  
  56  7:43  Mutalisk  
  56  7:44  Drone x2  
  62  7:49  Drone x3  
  61  8:03  Drone x2  
  63  8:08  Spine Crawler  
  56  8:30  Drone x3  
  56  8:31  Hydralisk Den  
  56  8:33  Spine Crawler  
  57  8:34  Drone x3  
  57  8:35  Drone x2  
  57  8:38  Drone  
  57  8:39  Mutalisk x3  
  57  8:40  Zergling x2  
  70  8:43  Drone  
  70  8:45  Drone  
  72  8:50  Zerg Flyer Weapons Level 1  
  72  8:52  Mutalisk  
  72  8:55  Drone x2  
  75  8:57  Drone  
  75  9:00  Mutalisk  
  79  9:09  Spore Crawler  
  78  9:10  Spore Crawler x2  
  70  9:24  Mutalisk x2  
  70  9:26  Drone x3  
  70  9:27  Drone  
  70  9:28  Extractor  
  70  9:29  Drone x2  
  70  9:30  Spore Crawler  
  77  9:32  Spore Crawler  
  77  9:35  Spore Crawler  
  77  9:36  Spore Crawler  
  77  9:37  Spore Crawler  
  73  9:39  Spore Crawler  
  72  9:59  Drone x6  
  78  10:06  Drone x3  
  81  10:09  Spine Crawler  
  81  10:10  Hydralisk x4  
  81  10:11  Hydralisk  
  90  10:15  Hydralisk  
  90  10:16  Drone  
  90  10:17  Drone  
  94  10:23  Hive  
  94  10:28  Drone  
  94  10:31  Spore Crawler  
  94  10:36  Zergling x6  
  94  10:37  Drone x5  
  94  10:38  Drone  
  103  10:46  Drone x3  
  103  10:47  Zergling x2  
  103  10:48  Zergling x2  
  101  11:02  Mutalisk x2  
  94  11:13  Hydralisk x2  
  74  11:20  Drone  
  74  11:22  Drone x3  
  74  11:24  Spore Crawler  
  69  11:26  Spine Crawler, Spore Crawler  
  69  11:30  Hydralisk x3  
  69  11:32  Drone x2, Hydralisk  
  73  11:37  Hatchery  
  72  11:43  Hydralisk x2  
  76  11:55  Extractor  
  76  11:56  Extractor  
  76  11:57  Hydralisk x2  
  76  11:58  Drone, Spine Crawler  
  76  11:59  Drone x4  
  82  12:03  Zergling x4  
  84  12:19  Ultralisk Cavern  
  83  12:31  Hydralisk x2  
  83  12:32  Hydralisk  
  83  12:33  Drone  
  83  12:34  Drone x5  
  94  12:37  Hydralisk  
  94  12:38  Zergling x2  
  94  12:39  Zergling x2  
  76  13:17  Ultralisk x2  
  69  13:30  Drone  
  69  13:31  Drone x2  
  57  13:45  Queen  
  57  13:46  Hydralisk x4  
  57  13:47  Hydralisk  
  66  13:50  Drone  
  66  13:53  Spore Crawler  
  66  13:54  Drone, Spore Crawler  
  66  13:56  Spore Crawler  
  65  14:09  Hydralisk x3  
  71  14:11  Drone  
  68  14:22  Drone  
  69  14:27  Hydralisk x2  
  69  14:34  Hatchery  
  68  14:42  Hatchery, Spine Crawler  
  68  14:43  Drone x2, Spine Crawler  
  68  14:53  Ultralisk  
  68  14:54  Zergling x10  
  71  15:08  Hydralisk x2  
  73  15:15  Drone  
  73  15:31  Hydralisk x2  
  73  15:33  Drone  
  73  15:34  Overlord x2  
  74  15:45  Spine Crawler  
  67  15:51  Spine Crawler  
  56  15:57  Ultralisk  
  56  15:58  Zergling x6  
  59  16:14  Zergling x4  
  59  16:15  Zergling x4  
  59  16:16  Drone x3  
  28  16:56  Ultralisk x2  
Show
View Real Time Build Order
Export as new Build Order

Massa Terran 

Build Orders:  

Get SALT Encoding   

  12  0:00  SCV  
  13  0:12  SCV  
  14  0:18  Supply Depot  
  14  0:24  SCV  
  15  0:39  SCV  
  15  0:41  Barracks  
  16  0:51  SCV  
  17  1:03  SCV  
  18  1:16  SCV  
  19  1:22  Refinery  
  19  1:23  Refinery  
  19  1:24  Supply Depot  
  19  1:32  Marine  
  20  1:34  Orbital Command  
  20  1:49  Marine  
  21  2:04  SCV  
  22  2:13  Command Center  
  22  2:16  SCV  
  23  2:28  SCV  
  24  2:33  Barracks Reactor, Factory  
  24  2:43  SCV  
  25  2:55  SCV  
  25  2:56  Supply Depot  
  26  3:07  SCV  
  26  3:09  Marine  
  26  3:10  Marine  
  29  3:17  Starport  
  29  3:19  Widow Mine  
  31  3:21  Supply Depot  
  31  3:22  SCV  
  32  3:27  Marine x2  
  32  3:31  Orbital Command  
  34  3:41  Widow Mine  
  36  3:43  SCV  
  37  3:51  Engineering Bay  
  37  3:54  Marine x2  
  37  3:55  SCV  
  40  3:56  Medivac  
  40  4:01  SCV  
  43  4:07  SCV  
  44  4:13  SCV  
  44  4:14  Factory Tech Lab  
  44  4:16  Marine x2  
  47  4:23  SCV  
  48  4:25  SCV  
  49  4:33  Marine  
  49  4:34  Marine  
  49  4:35  SCV, Liberator  
  49  4:38  SCV, Siege Tank  
  59  4:44  Barracks  
  59  4:49  Terran Infantry Weapons Level 1  
  59  4:51  Marine x2  
  61  4:56  SCV  
  61  4:59  Refinery  
  62  5:02  Refinery, Supply Depot  
  62  5:07  Missile Turret x2  
  62  5:09  Supply Depot  
  62  5:24  SCV x2  
  64  5:36  SCV  
  65  5:43  Marine x2, Siege Tank  
  65  5:44  Barracks Tech Lab  
  65  5:49  Armory  
  70  5:53  Missile Turret  
  70  6:01  Marine x2  
  72  6:12  Missile Turret  
  72  6:39  Marine x2  
  74  6:40  Marauder  
  74  6:41  Stimpack  
  74  6:44  Terran Infantry Armor Level 1  
  74  6:45  Terran Vehicle Weapons Level 1  
  74  6:46  SCV x2  
  78  6:51  Command Center  
  78  6:54  Missile Turret  
  78  7:02  Missile Turret  
  78  7:04  Missile Turret  
  78  7:06  Missile Turret  
  78  7:07  Supply Depot x2  
  78  7:09  Supply Depot x2  
  78  7:10  SCV  
  78  7:11  Marauder  
  78  7:16  SCV, Marine x2  
  75  7:23  SCV  
  75  7:27  Missile Turret  
  76  7:33  Supply Depot  
  76  7:34  Marine  
  76  7:35  Medivac  
  79  7:47  Marauder, Marine  
  79  7:51  Siege Tank  
  85  7:52  Marine  
  86  8:00  Engineering Bay  
  86  8:05  Marine, Medivac  
  89  8:09  Marauder, Marine  
  92  8:13  SCV x2  
  94  8:20  Combat Shield  
  94  8:23  Marine  
  94  8:25  SCV x2  
  97  8:28  Orbital Command  
  97  8:30  Marauder  
  99  8:37  SCV x2  
  101  8:47  Missile Turret  
  101  8:49  SCV x2  
  101  8:52  Missile Turret  
  101  8:55  SCV  
  104  8:57  Missile Turret  
  104  9:01  SCV x2  
  106  9:07  SCV  
  107  9:11  Refinery, Terran Infantry Armor Level 2  
  107  9:13  SCV x2, Terran Infantry Weapons Level 2  
  109  9:19  SCV  
  110  9:25  SCV x2  
  112  9:41  Missile Turret  
  106  10:02  Marauder, Marine  
  106  10:03  Marine  
  106  10:05  Thor  
  86  10:07  Viking  
  108  10:20  Marine  
  108  10:21  SCV, Marine  
  110  10:22  SCV x2  
  110  10:23  Marauder  
  110  10:27  Command Center  
  115  10:32  Factory  
  115  10:33  Factory  
  115  10:34  SCV x3  
  118  10:36  Barracks  
  118  10:37  Viking  
  118  10:38  Marine x2  
  118  10:42  Barracks  
  122  10:45  Marauder  
  122  10:46  SCV x3  
  122  10:47  Thor  
  133  11:26  SCV, Marauder, Marine x2, Viking  
  109  11:43  Marine  
  109  11:44  Marine  
  97  11:48  Marauder  
  97  11:53  Factory Tech Lab x2  
  93  11:54  Barracks Reactor x2  
  93  11:56  Viking  
  93  11:58  Thor  
  101  12:01  Marine  
  101  12:02  Marine  
  103  12:09  Marauder  
  105  12:18  Missile Turret x2  
  105  12:19  Refinery, Marine x2, Missile Turret  
  105  12:20  Missile Turret  
  105  12:21  Missile Turret x2  
  105  12:22  Missile Turret  
  107  12:24  Thor x2  
  107  12:26  Viking  
  121  12:30  Marauder  
  121  12:35  Marine x4  
  127  12:37  Marine x2  
  127  12:38  Terran Infantry Weapons Level 3  
  127  12:40  Terran Infantry Armor Level 3  
  127  12:41  Thor  
  133  12:51  Marine  
  133  12:53  Marine x4  
  133  12:55  Marine x2  
  139  13:07  Thor  
  139  13:09  Marine  
  139  13:10  Marine  
  139  13:11  Marine x2  
  148  13:21  Marine, Concussive Shells  
  148  13:22  Marine x2  
  144  13:27  Marine  
  144  13:28  Thor  
  144  13:29  Marine x3  
  144  13:33  Thor  
  136  13:36  Orbital Command  
  136  13:37  SCV  
  136  13:38  SCV x2  
  136  13:39  Marine  
  136  13:40  Marine x2  
  142  13:45  Marine  
  142  13:46  Marine  
  142  13:47  Marine x2  
  146  13:49  SCV  
  146  13:50  SCV x2  
  146  13:55  Missile Turret  
  136  13:56  Missile Turret x3  
  136  13:57  Marine  
  136  13:58  Marine x2, Supply Depot x2  
  136  14:00  Supply Depot  
  136  14:01  SCV  
  136  14:02  SCV, Supply Depot x2  
  140  14:07  Supply Depot  
  140  14:08  Marine  
  140  14:09  SCV  
  140  14:12  SCV  
  140  14:13  Marine  
  140  14:15  SCV x2  
  140  14:16  Marine x2  
  140  14:19  Thor  
  140  14:20  Marine x3, Thor  
  140  14:21  SCV, Supply Depot  
  144  14:24  SCV  
  144  14:26  Marine  
  144  14:27  SCV, Supply Depot  
  144  14:30  Marine  
  147  14:37  Marine x2  
  149  14:39  Missile Turret  
  149  14:41  Marine  
  149  14:42  Marine x2  
  149  14:44  Marine  
  149  14:45  Thor  
  159  14:48  Marine  
  160  14:55  Marine  
  160  14:58  Missile Turret  
  160  14:59  Marine x2  
  163  15:06  Marine  
  146  15:17  Marine x2  
  157  15:26  Medivac  
  157  15:28  Thor  
  147  15:29  Marauder  
  147  15:34  Marine  
  147  15:35  Marine  
  125  15:50  Marauder  
  125  15:52  Marine  
  125  15:53  Marine  
  125  15:56  Medivac  
  131  16:00  Command Center  
  120  16:10  Marine, Thor  
  120  16:11  Marine  
  122  16:12  Marauder  
  122  16:14  SCV x3  
  99  16:26  SCV, Medivac  
  99  16:27  SCV x2  
  99  16:28  Marine x2  
  97  16:33  Marauder  
  97  16:35  Command Center  
  97  16:38  SCV  
  97  16:39  SCV  
  102  16:43  Refinery  
  102  16:45  Refinery  
  102  16:46  Marine x2  
  103  16:50  SCV  
  103  16:51  SCV  
  103  16:53  Thor  
  110  16:54  Marine  
  111  17:02  SCV  
  111  17:03  SCV  
  111  17:04  Marine x2  
  111  17:06  Orbital Command  
  115  17:12  Marine  
  82  17:23  Marine x2  
  70  17:30  Marauder  
  70  17:35  SCV  
  73  17:41  Marine x2  
  73  17:42  SCV  
  76  17:47  SCV  
Tags
 
Add a new tag
Caveats
  • Supply blocks, unpowered buildings, or Contaminate may cause inaccurate times.
  • Supply counts are checked every 10 seconds.